 Dungeon Crawl Stone Soup version 0.20.0-10-g0535bb4 (webtiles) character file.

3476 Gorglomux the Grappler (level 9, 0/97 HPs)
             Began as a Troll Venom Mage on June 3, 2017.
             Slain by Erica
             ... wielding a +3 scimitar of flaming
              (3 damage)
             ... on level 8 of the Dungeon.
             The game lasted 00:09:16 (5974 turns).

Gorglomux the Grappler (Troll Venom Mage)           Turns: 5974, Time: 00:09:17

Health: 0/97       AC:  7    Str: 23 (25) XL:     9   Next: 79%
Magic:  9/9        EV: 19    Int: 10 (11) God:
Gold:   256        SH:  2    Dex: 12 (13) Spells: 9/10 levels left

rFire    . . .     SeeInvis .     - Unarmed
rCold    + . .     Gourm    +   (no shield)
rNeg     . . .     Faith    .   a - +0 robe
rPois    +         Spirit   .   (helmet restricted)
rElec    .         Reflect  +   S - +1 cloak of Pinal {rC+}
rCorr    .         Harm     .   (gloves unavailable)
MR       .....                  (boots unavailable)
Stlth    ++........             H - +2 amulet of reflection
Regen    0.7/turn               U - +6 ring of evasion
MPRegen  0.2/turn               B - ring of Nilalir {rPois EV+3 Str+7}

@: slowed, very slow
A: unfitting armour, claws 3, fast metabolism 3, gourmand, regeneration 1,
shaggy fur 1, tough skin 2
a: no special abilities


You were on level 8 of the Dungeon.
You were completely stuffed.

You visited 2 branches of the dungeon, and saw 9 of its levels.

You collected 451 gold pieces.
You spent 195 gold pieces at shops.

Inventory:

Armour
 a - a +0 robe (worn)
 F - a +2 large shield
 S - the +1 cloak of Pinal (worn) {rC+}
   (You found it on level 7 of the Dungeon)

   It protects you from cold.
Jewellery
 s - an uncursed ring of see invisible
 B - the ring of Nilalir (right claw) {rPois EV+3 Str+7}
   (You found it on level 5 of the Dungeon)

   [ring of evasion]

   It affects your evasion (+3).
   It affects your strength (+7).
   It protects you from poison.
 H - a +2 amulet of reflection (around neck)
 U - a +6 ring of evasion (left claw)
Wands
 A - a wand of acid (6/15)
 L - a wand of lightning (8/15)
Scrolls
 i - 2 scrolls of remove curse
 v - a scroll of fog {unknown}
 J - a scroll of magic mapping {unknown}
 M - a scroll of blinking {unknown}
 N - a scroll of enchant armour {unknown}
 T - 7 scrolls of teleportation
 V - a scroll of amnesia {unknown}
 X - a scroll of recharging {unknown}
Potions
 d - 5 potions of haste
 e - a potion of flight
 g - a potion of degeneration
 h - a potion of lignification
 u - a potion of heal wounds {unknown}
 w - a potion of cancellation
 D - a potion of agility {unknown}
 E - a potion of brilliance {unknown}
 R - a potion of berserk rage {unknown}
 Y - a potion of might {unknown}
 Z - a potion of mutation {unknown}
Books
 b - a Young Poisoner's Handbook

   Spells                             Type                      Level
   a - Sting                          Conjuration/Poison           1
   b - Poisonous Vapours              Poison/Air                   2
   c - Mephitic Cloud                 Conjuration/Poison/Air       3
   d - Olgreb's Toxic Radiance        Poison                       4
   e - Venom Bolt                     Conjuration/Poison           5
Miscellaneous
 W - a sack of spiders
Comestibles
 c - 4 bread rations
 k - 3 chunks of flesh
 z - 4 meat rations
 G - 4 fruits
 K - a royal jelly


   Skills:
 + Level 8.3 Fighting
 - Level 1.5 Dodging
 - Level 1.0 Stealth
 + Level 9.8 Unarmed Combat
 - Level 1.2 Spellcasting
 - Level 0.6 Conjurations
 - Level 2.1 Poison Magic


You had 9 spell levels left.
You knew the following spells:

 Your Spells              Type           Power        Failure   Level  Hunger
a - Sting                 Conj/Pois      #...         19%         1    ##.....


Dungeon Overview and Level Annotations

Branches:
Dungeon (8/15)             Temple (1/1) D:5
   Lair: D:8-11

Altars:
Ashenzari
Cheibriados
Dithmenos
Elyvilon
Fedhas
Gozag
Hepliaklqana
Makhleb
Nemelex Xobeh
Okawaru
Ru
Sif Muna
Trog
Uskayaw
Vehumet
Xom
Yredelemnul
Zin
The Shining One

Shops:
D:5 [

Annotations:
D:5 1 exclusion
D:8 Erica


Innate Abilities, Weirdness & Mutations

You are too large for most types of armour.
You have claws for hands.
Your metabolism is lightning-fast.
You like to eat raw meat.
Your natural rate of healing is unusually fast.
You are covered in fur. (AC +1)
You have very tough skin. (AC +2)


Message History

Unknown command.
It was a potion of lignification.
You turn into a tree.
The +1 cloak of Pinal {rC+} melds into your body.
Your +0 robe melds into your body.
Your roots penetrate the ground.
You hear some strange, mumbled words.
You are confused.
Unknown command.
You feel better. Something hits you but does no damage.
It was a potion of cancellation.
Your magical effects are unravelling.
You feel magically purged.
You feel less wooden.
The +1 cloak of Pinal {rC+} unmelds from your body.
Your +0 robe unmelds from your body.
You feel yourself speed up.
You hear some strange, mumbled words.
You feel yourself slow down. Something hits you.
* * * LOW HITPOINT WARNING * * *
Something burns you.
You die...

###.##.........##
................# #
.##.###..###....###.#
.....................
..#.#.##.###$....##
#.#. #.........# .
#.###..#..# .# #.#
#.....# #. ..#
##.#@## . ..# #.#{#
#.# #.#.# ....# ###.#
#.# #.# #.#


There were no monsters in sight!

Vanquished Creatures
  Prince Ribbit (D:7)
  Grinder (D:6)
  A slime creature (D:8)
  Eustachio (D:4)
  3 ice beasts
  3 orc warriors
  A sky beast (D:7)
  A black bear (D:8)
  3 centaurs
  3 ogres
  5 bullfrogs
  2 scorpions
  4 wights (D:7)
  2 killer bees (D:8)
  2 howler monkeys
  3 bullfrog zombies
  4 crimson imps
  A jelly (D:6)
  3 hounds
  2 orc wizards
  Natasha (thrice) (D:2)
  4 worker ants
  A worker ant zombie (D:8)
  7 adders
  2 shadow imps
  3 oozes
  3 adder skeletons
  5 worms
  2 dart slugs
  11 leopard geckos
  18 orcs
  5 giant cockroaches
  9 goblins
  6 hobgoblins
  5 jackals
  7 kobolds
  2 quokkas (D:8)
  A ball python (D:4)
  10 bats
  9 frilled lizards
  A quokka skeleton (D:5)
  10 rats
170 creatures vanquished.

Notes
Turn   | Place    | Note
-------+----------+-------------------------------------------
     0 | D:1      | Gorglomux the Troll Venom Mage began the quest for the Orb.
     0 | D:1      | Reached XP level 1. HP: 16/16 MP: 1/1
    34 | D:1      | Reached skill level 1 in Unarmed Combat
    60 | D:1      | Reached XP level 2. HP: 17/26 MP: 2/2
    99 | D:1      | Reached skill level 1 in Fighting
   790 | D:2      | Reached XP level 3. HP: 20/33 MP: 3/3
   796 | D:1      | Reached skill level 2 in Unarmed Combat
  1179 | D:2      | Noticed Natasha
  1185 | D:2      | Killed Natasha
  1185 | D:2      | Reached XP level 4. HP: 35/42 MP: 4/4
  1378 | D:2      | Noticed Natasha
  1388 | D:2      | Killed Natasha
  1388 | D:2      | Reached skill level 3 in Unarmed Combat
  1389 | D:2      | Noticed Natasha
  1402 | D:2      | Killed Natasha
  1402 | D:2      | Reached XP level 5. HP: 28/50 MP: 5/5
  1568 | D:3      | Reached skill level 3 in Fighting
  2002 | D:4      | Reached skill level 4 in Unarmed Combat
  2002 | D:4      | Reached XP level 6. HP: 42/61 MP: 6/6
  2231 | D:4      | Noticed Eustachio
  2259 | D:4      | Killed Eustachio
  2259 | D:4      | Reached skill level 5 in Unarmed Combat
  2259 | D:4      | Reached XP level 7. HP: 50/70 MP: 7/7
  2537 | D:5      | Entered Level 5 of the Dungeon
  2567 | D:5      | Found a glowing silver altar of Zin.
  2627 | D:5      | Found a shadowy altar of Dithmenos.
  2650 | D:5      | Got a fine golden ring
  2707 | D:5      | Found a staircase to the Ecumenical Temple.
  2751 | Temple   | Entered the Ecumenical Temple
  3073 | D:5      | Found a sacrificial altar of Ru.
  3085 | D:5      | Reached skill level 6 in Unarmed Combat
  3488 | D:5      | Reached XP level 8. HP: 70/81 MP: 8/8
  3528 | D:5      | Found Hioduwn's Antique Armour Shop.
  3534 | D:5      | Bought a runed large shield for 195 gold pieces
  4141 | D:6      | Reached skill level 7 in Unarmed Combat
  4153 | D:6      | Noticed Grinder
  4171 | D:6      | Paralysed by Grinder for 6 turns
  4181 | D:6      | Killed Grinder
  4181 | D:6      | Reached skill level 6 in Fighting
  4736 | D:7      | Identified the ring of Nilalir {rPois EV+3 Str+7} (You found it on level 5 of the Dungeon)
  4757 | D:7      | Reached skill level 8 in Unarmed Combat
  4876 | D:7      | Reached XP level 9. HP: 55/92 MP: 9/9
  5055 | D:7      | Noticed Prince Ribbit
  5087 | D:7      | Killed Prince Ribbit
  5361 | D:7      | Got a shimmering cloak
  5367 | D:7      | Identified the +1 cloak of Pinal {rC+} (You found it on level 7 of the Dungeon)
  5457 | D:7      | Found a radiant altar of Vehumet.
  5608 | D:7      | Reached skill level 9 in Unarmed Combat
  5698 | D:8      | Found an iron altar of Okawaru.
  5958 | D:8      | Noticed Erica
  5971 | D:8      | HP: 4/97 [something (2)]
  5974 | D:8      | Slain by Erica

Skill      XL: |  1  2  3  4  5  6  7  8  9 |
---------------+----------------------------+-----
Unarmed Combat | 1 2 3 4 5 6 8 9 |  9.8
Fighting       | 1 2 3 4 5 6 8 |  8.3
Dodging        | |  1.5
Stealth        | |  1.0
Spellcasting   | |  1.2
Conjurations   | |  0.6
Poison Magic   | |  2.1

Action                   |  1- 3 |  4- 6 |  7- 9 || total
-------------------------+-------+-------+-------++-------
Melee: Unarmed           |   112 |   184 |   288 ||   584
       Punch             |     1 |     1 |    11 ||    13
Evoke: Wand              |       |       |     1 ||     1
  Use: Scroll            |       |       |     6 ||     6
       Potion            |       |       |     5 ||     5
 Stab: Sleeping          |     1 |     1 |     1 ||     3
  Eat: Chunk             |    16 |    11 |    34 ||    61
Armor: Robe              |    48 |    70 |    47 ||   165
       Skin              |       |       |     1 ||     1
Dodge: Dodged            |    63 |   104 |   188 ||   355
Block: Other             |       |       |    13 ||    13
